 Dungeon Crawl Stone Soup version 0.30-a0-364-gf6b3ef1049 (webtiles) character file.

Game seed: 9152253568423953999

13377 VolodymyrDemenkov the Bludgeoner (level 11, 0/83 HPs)
             Began as a Minotaur Berserker on Nov 15, 2022.
             Was an Elder of Trog.
             Slain by a slime creature (13 damage)
             ... on level 4 of the Lair of Beasts on Nov 16, 2022.
             The game lasted 03:18:00 (10686 turns).

VolodymyrDemenkov the Bludgeoner (MiBe)            Turns: 10686, Time: 03:18:00

Health: 0/83       AC: 31    Str: 25    XL:     11   Next: 74%
Magic:  10/10      EV: 11    Int:  4    God:    Trog [****..]
Gold:   637        SH:  5    Dex: 11    Spells: 10/10 levels left

rFire   . . .      SeeInvis .    P - +1 great mace
rCold   . . .      Faith    .    (shield currently unavailable)
rNeg    . . .      Spirit   .    A - +8 ring mail of Classification {Rampage}
rPois   .          Reflect  +    (helmet restricted)
rElec   .          Harm     .    i - +1 cloak
rCorr   .          Rampage  +    p - +1 pair of gloves
Will    +....                    z - +1 pair of boots
Stlth   +.........               E - amulet of reflection
HPRegen 0.33/turn                L - +4 ring of protection
MPRegen 0.12/turn                K - +4 ring of protection

@: no status effects
A: horns 2, retaliatory headbutt, strong-willed 1, MP-powered wands
a: Renounce Religion, Berserk, Trog's Hand, Brothers in Arms


You were on level 4 of the Lair of Beasts.
You worshipped Trog.
Trog was greatly pleased with you.
You visited 4 branches of the dungeon, and saw 13 of its levels.
You also visited: Ossuary.

You collected 637 gold pieces.

Inventory:

Hand Weapons
 e - a +0 sling
 q - a +0 dagger of venom
 y - a +4 flail
 D - a +5 vorpal flail
 P - a +1 great mace (weapon)
Missiles
 f - 89 stones
 C - 22 poisoned darts (quivered)
Armour
 i - a +1 cloak (worn)
 p - a +1 pair of gloves (worn)
 z - a +1 pair of boots (worn)
 A - the +8 ring mail of Classification (worn) {Rampage}
   (You found it on level 3 of the Dungeon)

   Rampage:   It bestows one free step when moving towards enemies.
Jewellery
 b - a ring of poison resistance
 g - an amulet of regeneration
 v - a ring of fire
 x - a ring of willpower
 B - a ring of magical power
 E - an amulet of reflection (around neck)
 K - a +4 ring of protection (right hand)
 L - a +4 ring of protection (left hand)
 M - a ring of protection from cold
 N - a ring of protection from fire
 W - a +6 ring of intelligence
Wands
 t - a wand of paralysis (15)
 O - a wand of digging (9)
Scrolls
 a - a scroll of poison
 c - 2 scrolls of summoning
 d - 6 scrolls of teleportation
 l - 3 scrolls of amnesia
 m - 4 scrolls of vulnerability
 o - a scroll of noise
 s - 2 scrolls of magic mapping
 w - 5 scrolls of immolation
 F - 6 scrolls of identify
 J - 3 scrolls of fog
 V - a scroll of enchant weapon
Potions
 h - 10 potions of attraction
 j - 2 potions of mutation
 k - 5 potions of degeneration
 n - 4 potions of brilliance
 r - 2 potions of ambrosia
 u - 8 potions of heal wounds
 G - 4 potions of curing
 H - a potion of lignification
 I - 2 potions of magic
 T - a potion of might {unknown}
 U - a potion of berserk rage {unknown}
Miscellaneous
 Q - a phial of floods
 R - a phial of floods
 S - a condenser vane


   Skills:
 - Level 3.8 Fighting
 + Level 18.5 Maces & Flails
 + Level 12.9 Armour
 - Level 2.2 Dodging


You had 10 spell levels left.
You didn't know any spells.
Your spell library was empty.

Dungeon Overview and Level Annotations

Branches:
Dungeon (8/15)             Temple (1/1) D:6            Lair (4/5) D:8
  Snake (0/4) Lair:2        Slime (1/5) Lair:4      Ossuary (visited)
  Swamp: Lair:2-3    Shoals: Lair:2-3

Altars:
Ashenzari
Cheibriados
Dithmenos
Elyvilon
Fedhas
Gozag
Hepliaklqana
Kikubaaqudgha
Makhleb
Nemelex Xobeh
Okawaru
Ru
Sif Muna
Trog
Uskayaw
Vehumet
Wu Jian
Xom
The Shining One
Jiyva

Shops:
D:7 (   D:8 *


Innate Abilities, Weirdness & Mutations

You have a pair of horns on your head.
You reflexively headbutt those who attack you in melee.
You are strong-willed. (Will+)
You expend magic power (3 MP) to strengthen your wands.


Message History

A large slime creature splits.
The slime creature hits you but does no damage. x2
The azure jelly hits you but does no damage. x4
There is a staircase back to the Lair here.
You thump the azure jelly!
The azure jelly is lightly wounded.
The azure jelly hits you but does no damage.
The azure jelly hits you. The azure jelly freezes you!!
The azure jelly hits you but does no damage.
The azure jelly barely misses you. The slime creature hits you.
The slime creature hits you!
* * * LOW HITPOINT WARNING * * *
The slime creature hits you but does no damage.
The slime creature hits you.
* * * LOW HITPOINT WARNING * * *
The azure jelly completely misses you. You furiously retaliate!
You headbutt the azure jelly! You block the azure jelly's attack.
The azure jelly hits you.
* * * LOW HITPOINT WARNING * * *
You block the azure jelly's attack. The slime creature barely misses you.
The slime creature hits you!
* * * LOW HITPOINT WARNING * * *
The slime creature hits you but does no damage.
You climb upwards.
Welcome back to the Lair of Beasts!
There is a staircase to the Slime Pits, spattered with blood here.
You feel much better. The azure jelly barely misses you.
You furiously retaliate!
You headbutt the azure jelly.
The azure jelly hits you but does no damage.
The azure jelly hits you.
* * * LOW HITPOINT WARNING * * *
The azure jelly hits you but does no damage.
The slime creature hits you but does no damage. x3
The slime creature barely misses you.
You feel better. You block the azure jelly's attack.
The azure jelly completely misses you. You block the azure jelly's attack.
The azure jelly closely misses you. The slime creature hits you!
* * * LOW HITPOINT WARNING * * *
The slime creature barely misses you. You block the slime creature's attack.
The slime creature hits you!
You die...

##......#...^.## ##........###
###..........#### #...........#
#.........)....# #.....>.....#
###.............## #...........#
#.#.............P####............
##...............P##.............
#................####...........#
...............JJ.###..........##
...............J@.##P....>......#
#...............JJ.##.........###
##..........................###
#P......>..................#
###.............##.#.....#.##
##..........#####.....###.#
##P#.......# ###.#..####
####..##### ###### ####


You could see an azure jelly and 4 slime creatures.

Vanquished Creatures
  Fannar (Lair:2)
  A hydra (Lair:4)
  A two-headed ogre (D:8)
  A lindwurm (Lair:4)
  Pikel (D:7)
  3 cane toads
  2 black mambas
  A kobold demonologist (D:8)
  4 komodo dragons
  A rime drake (Lair:2)
  6 slime creatures
  3 wyverns (Lair:4)
  2 steam dragons
  5 yaks (Lair:2)
  4 water moccasins
  5 sky beasts
  2 orc warriors
  6 wolves (Lair:1)
  3 ogres
  A centaur (D:5)
  3 phantoms
  2 kobold brigands
  3 necrophages
  8 bullfrogs
  11 scorpions
  5 wights (D:8)
  11 killer bees
  3 howler monkeys
  A centaur zombie (Ossuary)
  2 hounds
  A jelly (D:6)
  4 iguanas
  4 scorpion zombies (Ossuary)
  2 orc wizards (D:7)
  Natasha (twice) (D:4)
  3 mummies (Ossuary)
  8 adders
  7 gnolls
  2 shadow imps
  2 white imps (D:6)
  An ufetubus (D:4)
  6 dart slugs
  11 orcs
  2 bats (D:1)
  4 endoplasms
  3 giant cockroaches
  8 goblins
  4 hobgoblins
  A quokka (D:4)
  4 ball pythons
  3 frilled lizards
  4 gnoll zombies (Ossuary)
  A goblin zombie (Ossuary)
  5 hobgoblin zombies (Ossuary)
  16 kobolds
  A kobold zombie (Ossuary)
  An orc zombie (Ossuary)
  6 rats
218 creatures vanquished.

Vanquished Creatures (others)
  4 fungi
  45 plants
49 creatures vanquished.

Grand Total: 267 creatures vanquished

Notes
Turn   | Place    | Note
-------+----------+-------------------------------------------
     0 | D:1      | VolodymyrDemenkov the Minotaur Berserker began the quest
                  | for the Orb.
     0 | D:1      | Reached XP level 1. HP: 19/19 MP: 0/0
   337 | D:1      | Reached skill level 4 in Maces & Flails
   337 | D:1      | Reached XP level 2. HP: 25/27 MP: 1/1
   638 | D:1      | Found a faded altar of an unknown god.
  1213 | D:1      | Identified a scroll of acquirement
  1214 | D:1      | Acquired a ring of poison resistance
  1312 | D:2      | Found a shadowy altar of Dithmenos.
  1476 | D:2      | Reached XP level 3. HP: 33/33 MP: 2/2
  1996 | D:2      | Reached skill level 5 in Maces & Flails
  2316 | D:3      | Found an ornate altar of the Wu Jian Council.
  2316 | D:3      | Found a radiant altar of Vehumet.
  2317 | D:3      | Found a sparkling altar of Nemelex Xobeh.
  2534 | D:3      | Reached XP level 4. HP: 22/40 MP: 3/3
  2553 | D:3      | Reached ** piety under Trog
  2554 | D:3      | Reached skill level 6 in Maces & Flails
  2619 | D:3      | Identified the +8 ring mail of Classification {Rampage}
  3129 | D:4      | Noticed Natasha
  3143 | D:4      | Killed Natasha
  3144 | D:4      | Reached XP level 5. HP: 46/46 MP: 4/4
  3199 | D:4      | Reached skill level 7 in Maces & Flails
  3335 | D:4      | Found a sand-covered staircase.
  3352 | Ossuary  | Entered an ossuary
  3396 | Ossuary  | Reached skill level 8 in Maces & Flails
  3396 | Ossuary  | Reached XP level 6. HP: 52/52 MP: 5/5
  3544 | Ossuary  | Reached skill level 9 in Maces & Flails
  3654 | Ossuary  | Reached XP level 7. HP: 58/58 MP: 6/6
  3660 | Ossuary  | Reached skill level 10 in Maces & Flails
  3746 | Ossuary  | Reached skill level 11 in Maces & Flails
  3879 | D:4      | Found an ancient bone altar of Kikubaaqudgha.
  4077 | D:4      | Noticed Natasha
  4089 | D:4      | Killed Natasha
  4129 | D:4      | Reached XP level 8. HP: 66/66 MP: 7/7
  4246 | D:5      | Entered Level 5 of the Dungeon
  4467 | D:5      | Reached *** piety under Trog
  4468 | D:5      | Reached skill level 12 in Maces & Flails
  5228 | D:5      | Reached skill level 13 in Maces & Flails
  5520 | D:6      | Found a staircase to the Ecumenical Temple.
  5529 | Temple   | Entered the Ecumenical Temple
  5935 | D:6      | Reached skill level 14 in Maces & Flails
  6049 | D:6      | Reached XP level 9. HP: 71/71 MP: 8/8
  6259 | D:6      | Gained mutation: You expend magic power (3 MP) to
                  | strengthen your wands. [potion of mutation]
  6259 | D:6      | Gained mutation: You are strong-willed. (Will+) [potion of
                  | mutation]
  6476 | D:7      | Identified the +5 falchion of an ossuary {elec, Contam
                  | rPois Str+4 Int+6}
  6614 | D:7      | Reached skill level 5 in Armour
  6700 | D:7      | Found Puicryts's Weapon Shoppe.
  6702 | D:7      | Noticed Pikel
  6710 | D:7      | Killed Pikel
  6711 | D:7      | Reached skill level 15 in Maces & Flails
  6737 | D:7      | Found a flagged portal.
  6930 | D:7      | Reached **** piety under Trog
  7243 | D:8      | Reached XP level 10. HP: 78/78 MP: 9/9
  7411 | D:8      | Reached skill level 16 in Maces & Flails
  7659 | D:8      | Found a bloodstained altar of Trog.
  7667 | D:8      | Noticed a two-headed ogre
  7675 | D:8      | Killed a two-headed ogre
  7833 | D:8      | Found Cosaggu's Demolitions Depot.
  7873 | D:8      | Found a staircase to the Lair.
  8042 | Lair:1   | Entered Level 1 of the Lair of Beasts
  8113 | Lair:1   | Reached skill level 10 in Armour
  8721 | Lair:1   | Reached skill level 17 in Maces & Flails
  8773 | Lair:2   | Noticed a black mamba
  8774 | Lair:2   | Noticed Fannar
  8779 | Lair:2   | Killed a black mamba
  8784 | Lair:2   | Reached XP level 11. HP: 83/83 MP: 10/10
  8813 | Lair:2   | Killed Fannar
  9216 | Lair:2   | Found a staircase to the Snake Pit.
  9225 | Lair:2   | You fall into a shaft and drop 2 floors!
  9419 | Lair:4   | Found a viscous altar of Jiyva.
  9419 | Lair:4   | Found a staircase to the Slime Pits.
  9421 | Lair:4   | Noticed a lindwurm
  9431 | Lair:4   | Killed a lindwurm
  9900 | Lair:4   | Reached skill level 18 in Maces & Flails
 10171 | Lair:4   | Noticed a five-headed hydra
 10183 | Lair:4   | Killed a five-headed hydra
 10582 | Slime:1  | Entered Level 1 of the Pits of Slime
 10588 | Slime:1  | Noticed an acid blob
 10590 | Slime:1  | Noticed an azure jelly
 10683 | Slime:1  | HP: 1/83 [slime creature (9)]
 10686 | Lair:4   | Slain by a slime creature

Illustrated notes

Levels and vault maps discovered:
D:1:      minmay_arrival_jagged, layout_basic, ebering_ecumenical_altar_mist
D:2:      layout_basic, basic_altar
D:3:      layout_loops_ring, gammafunk_temple_overflow_claw,
          roderic_serpentine_path, hex_tiny
D:4:      layout_loops_cross, mainiacjoe_overflow_alcove_1, enter_ossuary_1,
          serial_bayou_pond_b, uniq_natasha
D:5:      layout_basic
D:6:      layout_rooms, minmay_temple_entry_mist
D:7:      layout_rooms, serial_shops, shop, enter_bailey_2, uniq_pikel
D:8:      layout_basic, mainiacjoe_overflow_alcove_4, david_lair_shrubbed,
          grunt_ministairs_13, nicolae_blasting_shop
Temple:   nicolae_temple_ecumenical_triangle
Lair:1:   layout_cave_shapes
Lair:2:   cheibrodos_lair_river_kwai, layout_long_grid,
          minmay_snake_entry_six_corridors, uniq_fannar, uniq_urug
Lair:4:   layout_cave_pods, slime_entry_1, lemuel_fruit_tree
Slime:1:  layout_caves

Skill      XL: |  1  2  3  4  5  6  7  8  9 10 11 |
---------------+----------------------------------+-----
Maces & Flails | 4 5 6 8 9 11 14 15 17 18 | 18.5
Armour         | 7 10 12 | 12.9
Fighting       | |  3.8
Dodging        | |  2.2

Action                   |  1- 3 |  4- 6 |  7- 9 | 10-12 || total
-------------------------+-------+-------+-------+-------++-------
Melee: Mace              |    72 |    15 |       |       ||    87
       Headbutt          |    10 |    14 |    35 |    40 ||    99
       Flail             |       |    67 |   261 |    93 ||   421
       Punch             |       |     2 |     4 |     1 ||     7
       Great mace        |       |       |       |   154 ||   154
Invok: Berserk           |     1 |     1 |     3 |     6 ||    11
       Trog's Hand       |       |     1 |       |       ||     1
  Use: Scroll            |    10 |       |    21 |     2 ||    33
       Potion            |       |       |     6 |     3 ||     9
 Stab: Invisible         |       |       |       |     2 ||     2
       Distracted        |       |       |       |     1 ||     1
Armor: Animal skin       |     3 |       |       |       ||     3
       Chain mail        |    21 |     1 |       |       ||    22
       Ring mail         |       |    22 |    74 |   102 ||   198
Dodge: Dodged            |    22 |    40 |    68 |    90 ||   220
Block: Other             |       |       |     5 |    41 ||    46

Table legend: (Time is in decaauts)
 A = Elapsed time spent in this place.
 B = Non-inter-level travel time spent in this place.
 C = Inter-level travel time spent in this place.
 D = Time resting spent in this place.
 E = Time spent auto-exploring this place.
 F = Levels seen in this place.
 G = Mean time per level.
                   A        B        C        D        E       F      G
               +--------+--------+--------+--------+--------+-----+--------+
         Total |  10660 |   9374 |   1286 |   1772 |   4532 |  14 |  761.4 |
       Dungeon |   7461 |   6478 |    983 |    798 |   3661 |   8 |  932.6 |
        Temple |     39 |      2 |     37 |      0 |      0 |   1 |   39.0 |
          Lair |   2628 |   2362 |    266 |    853 |    871 |   3 |  876.0 |
    Slime Pits |     12 |     12 |      0 |      0 |      0 |   1 |   12.0 |
       Ossuary |    518 |    518 |      0 |    120 |      0 |   1 |  518.0 |
               +--------+--------+--------+--------+--------+-----+--------+

Top non-repeatable levels by time:
  Lair:4: 1455 daAuts
     D:5: 1243 daAuts
     D:1: 1228 daAuts
     D:3: 992 daAuts
     D:2: 887 daAuts
     D:8: 855 daAuts
     D:7: 832 daAuts
     D:6: 784 daAuts
  Lair:1: 670 daAuts
     D:4: 637 daAuts
 Ossuary: 518 daAuts
  Lair:2: 502 daAuts
  Temple: 39 daAuts
 Slime:1: 12 daAuts
